 Dungeon Crawl Stone Soup version 0.23.2-30-g0e89c35649 (webtiles) character file.

Game seed: 18085554346810844433

7377 kamil4402 the Grappler (level 10, -10/92 HPs)
             Began as a Troll Monk on June 22, 2019.
             Mangled by a cyan ugly thing (15 damage)
             ... on level 12 of the Dungeon.
             The game lasted 00:55:28 (6942 turns).

kamil4402 the Grappler (Troll Monk)                 Turns: 6942, Time: 00:55:28

Health: -10/92     AC:  9    Str: 21    XL:     10   Next: 92%
Magic:  9/9        EV: 13    Int:  6    God:
Gold:   395        SH: 12    Dex: 19    Spells: 9/9 levels left

rFire    x . .     SeeInvis +   I - +9 war axe of the Magic Mushroom {protect, rF- Dex+4 SInv}
rCold    . . .     Gourm    +   p - +1 shield
rNeg     + . .     Faith    .   u - +0 troll leather armour
rPois    .         Spirit   .   (helmet restricted)
rElec    .         Reflect  .   F - +0 cloak {MR+}
rCorr    .         Harm     .   (gloves unavailable)
MR       +....                  (boots unavailable)
Stlth    ++........             (no amulet)
HPRegen  1.05/turn              w - ring of positive energy
MPRegen  0.11/turn              y - ring of see invisible

@: no status effects
A: large, unfitting armour, claws 3, fast metabolism 3, gourmand, regeneration
1, shaggy fur 1, tough skin 3
a: no special abilities


You were on level 12 of the Dungeon.
You were completely stuffed.

You visited 1 branch of the dungeon, and saw 11 of its levels.

You collected 395 gold pieces.

Inventory:

Hand Weapons
 I - the +9 war axe of the Magic Mushroom (weapon) {protect, rF- Dex+4 SInv}
   (You found it on level 9 of the Dungeon)

   It protects the one who uses it against injury (+AC on strike).
   It affects your dexterity (+4).
   It makes you vulnerable to fire.
   It lets you see invisible.
Missiles
 n - a throwing net (quivered)
Armour
 a - a +0 robe
 o - a +0 shield
 p - a +1 shield (worn)
 u - a +0 troll leather armour (worn)
 D - a +0 animal skin
 F - a +0 cloak of magic resistance (worn)
 G - a +2 cloak
Jewellery
 d - an uncursed ring of ice
 l - a cursed ring of teleportation
 w - a ring of positive energy (left claw)
 y - a ring of see invisible (right claw)
 z - an uncursed ring of see invisible
Wands
 j - a wand of paralysis (8)
 t - a wand of disintegration (24)
 H - a wand of clouds (3)
Scrolls
 e - 5 scrolls of remove curse
 i - 2 scrolls of noise
 k - a scroll of random uselessness
 s - 2 scrolls of identify
 x - a scroll of teleportation
 A - 2 scrolls of immolation
 E - a scroll of amnesia
Potions
 c - 7 potions of curing
 f - a potion of heal wounds {unknown}
 g - a potion of degeneration {unknown}
 h - 5 potions of lignification
 m - 3 potions of agility {unknown}
 q - 2 potions of brilliance {unknown}
 r - 4 potions of flight {unknown}
 v - a potion of might {unknown}
 C - a potion of magic {unknown}
Comestibles
 b - 19 rations


   Skills:
 - Level 4.0 Fighting
 - Level 4.0 Armour
 - Level 5.9 Dodging
 - Level 1.6 Stealth
 - Level 7.8 Shields
 - Level 10.8 Unarmed Combat


You had 9 spell levels left.
You didn't know any spells.
Your spell library contained the following spells:

 Spells                   Type           Power        Failure   Level  Hunger
 Confusing Touch          Hex            #.....       58%         1    ##.....
 Corona                   Hex            #......      58%         1    ##.....
 Summon Small Mammal      Summ           #...         58%         1    ##.....
 Call Imp                 Summ           #.......     75%         2    ###....
 Ensorcelled Hibernation  Hex/Ice        #.....       75%         2    ###....
 Call Canine Familiar     Summ           #.......     92%         3    ####...
 Confuse                  Hex            #.......     92%         3    ####...
 Dazzling Spray           Conj/Hex       #.....       92%         3    ####...
 Ignite Poison            Fire/Tmut/Pois #.......     92%         3    ####...
 Inner Flame              Hex/Fire       #.......     92%         3    ####...
 Summon Guardian Golem    Hex/Summ       #.......     92%         3    ####...
 Tukima's Dance           Hex            #.......     92%         3    ####...
 Fulminant Prism          Conj/Hex       #.........   100%        4    #####..
 Summon Ice Beast         Ice/Summ       #.......     100%        4    #####..
 Summon Lightning Spire   Summ/Air       #.......     100%        4    #####..
 Irradiate                Conj/Tmut      #.........   100%        5    ######.
 Yara's Violent Unravell  Hex/Tmut       #.........   100%        5    ######.
 Hydra Form               Tmut           #.........   100%        6    #######
 Statue Form              Tmut/Erth      #........    100%        6    #######
 Dragon Form              Tmut           #.........   100%        7    #######


Dungeon Overview and Level Annotations

Branches:
Dungeon (13/15)            Temple (0/1) D:7
   Lair: D:8-11         Orc: D:9-12      Vaults: D:13-14

Altars:
Ashenzari
Elyvilon
Fedhas
Nemelex Xobeh
Okawaru
Qazlal
Ru
Trog
Uskayaw
Wu Jian
Zin

Shops:
D:9 !


Innate Abilities, Weirdness & Mutations

You are too large for most types of armour.
You have claws for hands.
Your metabolism is lightning-fast.
You like to eat raw meat.
Your natural rate of healing is unusually fast.
You are covered in fur. (AC +1)
You have extremely tough skin. (AC +3)


Message History

You block the cyan ugly thing's attack.
There is a stone staircase leading down here.
You block the cyan ugly thing's attack.
You climb downwards.
Found 16 gold pieces and a brass wand.
Found a stone staircase leading up.
There is a stone staircase leading up here.
The cyan ugly thing trunk-slaps you!
* * * LOW HITPOINT WARNING * * *
The cyan ugly thing shocks you!
* * * LOW HITPOINT WARNING * * *
You climb upwards.
There is a stone staircase leading down here.
You feel better. You block the cyan ugly thing's attack.
Aiming: Paralyse
Press: ? - help, Shift-Dir - straight line, f - cyan ugly thing
Aim: a cyan ugly thing (lightly wounded, chance to defeat MR: 28%)
The cyan ugly thing easily resists.
The cyan ugly thing trunk-slaps you!
* * * LOW HITPOINT WARNING * * *
The cyan ugly thing shocks you!
You die...

#.......
#..........#...#
#......##..#...#
#......##..#...#
#).....##..#...#.......#
#......##..#...#.......#
#......##..#...#.......#
#......##..#.u.#.......#
#....).##...@..#.......#
#......##......#........
#.......>...............
#..##......##..........#
#.. #..##..##.....###..#
#. #..##..##..##.# #.
#..##..##..# .#
#..##..##..# .#
#..##..##..# .#


You could see a cyan ugly thing.

Vanquished Creatures
  A two-headed ogre (D:8)
  The ghost of palmtree the Basher, a novice MiBe of Trog (D:6)
  A cyclops (D:7)
  Maurice (D:8)
  Joseph (D:8)
  A troll (D:6)
  A hippogriff (D:8)
  Sigmund (D:3)
  A wyvern (D:9)
  Grum (D:8)
  Menkaure (D:6)
  2 sky beasts
  3 ice beasts
  A phantom (D:5)
  2 orc warriors (D:6)
  10 ogres
  2 wolves (D:8)
  6 centaurs
  An eye of draining (D:8)
  A big kobold (D:8)
  3 bullfrogs
  5 scorpions
  3 howler monkeys
  8 crimson imps
  A quasit (D:8)
  A centaur zombie (D:6)
  2 jellies
  8 hounds
  4 orc priests
  5 orc wizards
  2 bullfrog skeletons
  2 iguanas
  9 worker ants
  7 gnolls
  7 adders
  2 shadow imps
  An ooze (D:5)
  4 worms
  4 dart slugs
  5 leopard geckos
  22 orcs
  7 bats
  6 giant cockroaches
  7 goblins
  6 hobgoblins
  8 jackals
  3 quokkas
  3 ball pythons
  7 frilled lizards
  A jackal zombie (D:8)
  12 kobolds
  6 rats
210 creatures vanquished.

Vanquished Creatures (others)
  A jelly (D:7)
  An orc wizard (D:6)
2 creatures vanquished.

Grand Total: 212 creatures vanquished

Notes
Turn   | Place    | Note
-------+----------+-------------------------------------------
     0 | D:1      | kamil4402 the Troll Monk began the quest for the Orb.
     0 | D:1      | Reached XP level 1. HP: 22/22 MP: 0/0
   154 | D:1      | Reached XP level 2. HP: 29/29 MP: 1/1
   776 | D:2      | Reached XP level 3. HP: 36/36 MP: 2/2
   857 | D:2      | Noticed a scorpion
   953 | D:2      | Killed a scorpion
   953 | D:2      | Reached skill level 4 in Unarmed Combat
   953 | D:2      | Reached XP level 4. HP: 31/44 MP: 3/3
  1483 | D:3      | Reached XP level 5. HP: 37/52 MP: 4/4
  1679 | D:3      | Noticed Sigmund
  1800 | D:3      | Killed Sigmund
  1800 | D:3      | Reached skill level 1 in Shields
  1800 | D:3      | Reached skill level 5 in Unarmed Combat
  1800 | D:3      | Reached XP level 6. HP: 33/61 MP: 5/5
  2208 | D:3      | Found an ornate altar of the Wu Jian Council.
  2208 | D:3      | Found a sacrificial altar of Ru.
  2210 | D:3      | Found a bloodstained altar of Trog.
  2220 | D:3      | Found a shattered altar of Ashenzari.
  2220 | D:3      | Found a glowing silver altar of Zin.
  2220 | D:3      | Found a white marble altar of Elyvilon.
  2220 | D:3      | Found a sparkling altar of Nemelex Xobeh.
  2235 | D:3      | Found a blossoming altar of Fedhas.
  2241 | D:3      | Found a hide-covered altar of Uskayaw.
  2603 | D:4      | Reached XP level 7. HP: 66/67 MP: 6/6
  2818 | D:4      | Reached skill level 6 in Unarmed Combat
  3033 | D:5      | Entered Level 5 of the Dungeon
  3152 | D:5      | Reached XP level 8. HP: 75/75 MP: 7/7
  3344 | D:5      | Reached skill level 7 in Unarmed Combat
  3768 | D:6      | Noticed Menkaure
  3891 | D:5      | Reached skill level 8 in Unarmed Combat
  3985 | D:6      | Killed Menkaure
  4090 | D:6      | Found a runed translucent door.
  4095 | D:6      | Noticed palmtree's ghost (novice MiBe)
  4226 | D:6      | Noticed a troll
  4246 | D:6      | Killed a troll
  4246 | D:6      | Reached skill level 5 in Shields
  4246 | D:6      | Reached XP level 9. HP: 42/83 MP: 8/8
  4346 | D:6      | Reached skill level 5 in Dodging
  4370 | D:6      | Identified the Reference Book on Contamination and
                  | Beguiling
  4966 | D:6      | Reached skill level 1 in Armour
  4966 | D:6      | Reached skill level 9 in Unarmed Combat
  4986 | D:6      | Killed palmtree's ghost
  5056 | D:7      | Found a staircase to the Ecumenical Temple.
  5149 | D:7      | Noticed a cyclops
  5258 | D:7      | Killed a cyclops
  5261 | D:7      | Reached XP level 10. HP: 81/92 MP: 9/9
  5591 | D:7      | Found an iron altar of Okawaru.
  5834 | D:8      | Noticed Grum
  5845 | D:8      | Reached skill level 10 in Unarmed Combat
  5865 | D:8      | Killed Grum
  6035 | D:8      | Noticed a two-headed ogre
  6110 | D:8      | Killed a two-headed ogre
  6137 | D:8      | Noticed Joseph
  6167 | D:8      | Killed Joseph
  6311 | D:8      | Noticed Maurice
  6452 | D:8      | Killed Maurice
  6560 | D:9      | Found a stormy altar of Qazlal.
  6685 | D:9      | Found Voub's Distillery.
  6794 | D:9      | Got a dazzling war axe
  6795 | D:9      | Identified the +9 war axe of the Magic Mushroom {protect,
                  | rF- Dex+4 SInv} (You found it on level 9 of the Dungeon)
  6902 | D:9      | You fall through a shaft for 3 floors!
  6924 | D:12     | Noticed a cyan ugly thing
  6942 | D:12     | Mangled by a cyan ugly thing

Skill      XL: |  1  2  3  4  5  6  7  8  9 10 |
---------------+-------------------------------+-----
Dodging        | 3 4 5 |  5.9
Unarmed Combat | 4 5 6 8 9 10 | 10.8
Fighting       | 3 4 |  4.0
Shields        | 1 3 5 6 7 |  7.8
Armour         | 2 4 |  4.0
Stealth        | |  1.6

Action                   |  1- 3 |  4- 6 |  7- 9 | 10-12 || total
-------------------------+-------+-------+-------+-------++-------
Melee: Unarmed           |    81 |   144 |   283 |   191 ||   699
       Punch             |     1 |       |       |       ||     1
       War axe           |       |       |       |    12 ||    12
Evoke: Wand              |       |       |     3 |     1 ||     4
  Use: Scroll            |       |    11 |     4 |     5 ||    20
       Potion            |       |       |       |     1 ||     1
 Stab: Sleeping          |     5 |     5 |     3 |       ||    13
       Distracted        |       |     2 |       |     1 ||     3
       Paralysed         |       |       |     2 |       ||     2
  Eat: Chunk             |    13 |    17 |    24 |    16 ||    70
Armor: Robe              |    30 |    47 |    30 |       ||   107
       Troll leather arm |       |       |    36 |    39 ||    75
Dodge: Dodged            |    30 |    76 |   121 |    59 ||   286
Block: Shield            |       |    44 |   148 |   110 ||   302
